 Dungeon Crawl Stone Soup version 0.31-a0-1144-g99969ba1bc (webtiles) character file.

Game seed: 7389465571561393915

39 Dirtsage the Digger (level 3, -1/30 HPs)
             Began as a Gargoyle Earth Elementalist on Dec 6, 2023.
             Slain by an orc
             ... wielding a +0 trident
              (5 damage)
             ... on level 2 of the Dungeon.
             The game lasted 00:02:35 (1111 turns).

Dirtsage the Digger (Gargoyle Earth Elementalist)   Turns: 1111, Time: 00:02:35

Health: -1/30      AC: 21    Str: 11    XL:     3   Next: 45%
Magic:  0/6        EV:  2    Int: 17    God:
Gold:   86         SH:  0    Dex: 10    Spells: 5/6 levels left

rFire   . . .        (no weapon)
rCold   . . .        (no shield)
rNeg    + . .        a - melded +0 robe
rPois   ∞            (helmet currently unavailable)
rElec   .            (cloak currently unavailable)
rCorr   .            (gloves currently unavailable)
SInv    .            (boots currently unavailable)
Will    .....        (no amulet)
Stlth   ++           e - ring of flight
HPRegen 0.25/turn    (no ring)
MPRegen 0.10/turn

%: no passive effects
@: tree-form (expiring), hasted (expiring), very quick
A: stationary, stasis, torment immunity, boosted hp, sickness immunity, AC +3,
negative energy resistance 1, (electricity resistance), torment resistance 1,
petrification resistance
a: no special abilities


You were on level 2 of the Dungeon.
You were a tree.
You visited 1 branch of the dungeon, and saw 2 of its levels.

You collected 86 gold pieces.

Inventory:

Armour
 a - a +0 robe (melded)
Jewellery
 e - a ring of flight (left branch)
Scrolls
 g - a scroll of enchant weapon {unknown}
 h - 4 scrolls of identify {unknown}
Potions
 b - a potion of magic
 c - a potion of brilliance {unknown}


   Skills:
 + Level 1.2 Fighting
 - Level 1.5 Dodging
 - Level 2.1 Stealth
 + Level 2.3 Spellcasting
 + Level 1.2 Conjurations
 - Level 0.7 Transmutations
 * Level 4.4 Earth Magic


You had 5 spell levels left.
You knew the following spells:

 Your Spells              Type           Power      Damage    Failure   Level
a - Sandblast             Erth           34%        2d9       3%          1

Your spell library contained the following spells:

 Spells                   Type           Power      Damage    Failure   Level
 Passwall                 Tmut/Erth      8%         N/A       10%         2
 Stone Arrow              Conj/Erth      22%        3d8       19%         3
 Brom's Barrelling Bould  Conj/Erth      11%        2d3       52%         4
 Petrify                  Tmut/Erth      10%        N/A       54%         4


Dungeon Overview and Level Annotations

Branches:
Dungeon (2/15)

Altars:


Innate Abilities, Weirdness & Mutations

You are a tree.
Your roots penetrate the ground, keeping you stationary.
You cannot be teleported.
You are immune to unholy pain and torment.
Your maximum health is greatly increased.
Your equipment is partially melded.
You are immune to sickness and miasma.
((Your stone body is resilient. (AC +3)))
You are immune to poison.
You resist negative energy. (rN+)
((You are resistant to electric shocks. (rElec)))
You are resistant to unholy torment.
You are immune to petrification.


Message History

The hobgoblin hits you but does no damage.
You smack the hobgoblin!
You kill the hobgoblin!
You swing at nothing.
You barely miss the orc. The orc hits you but does no damage.
You smack the orc!
The orc is almost dead.
You hit the orc.
You kill the orc!
You closely miss the orc. The orc hits you but does no damage. x2
You hit the orc.
You kill the orc!
You swing at nothing.
The orc hits you but does no damage.
You swing at nothing.
The orc hits you from afar with a +0 trident!
* * * LOW HITPOINT WARNING * * *
You take 7 damage, and have 2/30 hp.
MASSIVE DAMAGE!!
Aiming: Sandblast (safe; 3% risk of failure)
Press: ? - help, Q - select action Shift-Dir - straight line, f - orc
Aim: an orc, wielding a +0 trident and wearing a +3 leather armour (82% to hit)
The blast of sand hits the orc but does no damage.
The orc hits you but does no damage.
You now have 0/6 mp.
You don't have enough magic to cast this spell.
You cannot move.
The orc hits you but does no damage. The orc hits you but does no damage.
Your extra speed is starting to run out.
The orc hits you but does no damage.
Aiming: Sandblast (safe; 3% risk of failure)
Press: ? - help, Q - select action Shift-Dir - straight line, f/p - orc
Aim: an orc, wielding a +0 trident and wearing a +3 leather armour (82% to hit)
The blast of sand hits the orc.
The orc is heavily wounded.
The orc hits you but does no damage.
You now have 0/6 mp.
Your transformation is almost over.
The orc hits you but does no damage.
The orc hits you from afar with a +0 trident.
You die...

... #.#####.#
#.###..<....#
#.....###...###..
###..............
#######..##.##.
#..##.# ######..##.#
##.########.......##.#
.....o)♣.##.####.....#
....####.##.####.....#
# #.............#
#..#.####..#..# #..#.#
#.###[.. #..#.# ##.
.###. #..#.# . #
#..... ......


You could see an orc.

Vanquished Creatures
  A dart slug (D:1)
  4 orcs (D:2)
  An endoplasm (D:1)
  3 goblins (D:1)
  4 hobgoblins
  5 jackals (D:1)
  2 quokkas (D:1)
  5 ball pythons (D:1)
  A frilled lizard (D:1)
  A kobold (D:1)
  2 rats (D:1)
29 creatures vanquished.

Notes
Turn   | Place    | Note
-------+----------+-------------------------------------------
     0 | D:1      | Dirtsage the Gargoyle Earth Elementalist began the quest
                  | for the Orb.
     0 | D:1      | Reached XP level 1. HP: 10/10 MP: 3/3
   187 | D:1      | Reached XP level 2. HP: 14/16 MP: 1/5
   304 | D:1      | Reached skill level 4 in Earth Magic
   494 | D:1      | Reached skill level 1 in Fighting
   494 | D:1      | Reached skill level 1 in Conjurations
   551 | D:1      | Reached XP level 3. HP: 20/20 MP: 3/6
  1111 | D:2      | Slain by an orc

Illustrated notes

Levels and vault maps discovered:
D:1:      dpeg_arrival_arbitrary_a, layout_basic
D:2:      layout_loops_ring, chequers_ecumenical_altar_island, serial_shops,
          shop, dreamdust_princess_bridge

Skill      XL: |  1  2 |
---------------+-------+-----
Earth Magic    | 4 |  4.4
Fighting       | 1 |  1.2
Conjurations   | 1 |  1.2
Dodging        | |  1.5
Stealth        | |  2.1
Spellcasting   | |  2.3
Transmutations | |  0.7

Action                     || total
---------------------------++-------
  Melee: Unarmed           ||    40
   Cast: Sandblast         ||    43
    Use: Potion            ||     2
 Armour: Robe              ||    34
         Skin              ||    15
  Dodge: Dodged            ||    28

Table legend: (Time is in decaauts)
 A = Elapsed time spent in this place.
 B = Non-inter-level travel time spent in this place.
 C = Inter-level travel time spent in this place.
 D = Time resting spent in this place.
 E = Time spent auto-exploring this place.
 F = Levels seen in this place.
 G = Mean time per level.
                   A        B        C        D        E       F      G
               +--------+--------+--------+--------+--------+-----+--------+
         Total |   1120 |   1107 |     13 |      0 |    906 |   2 |  560.0 |
       Dungeon |   1120 |   1107 |     13 |      0 |    906 |   2 |  560.0 |
               +--------+--------+--------+--------+--------+-----+--------+

Top non-repeatable levels by time:
     D:1: 1019 daAuts
     D:2: 101 daAuts
